 Dungeon Crawl Stone Soup version 0.20.1-1-g8b1a95d (webtiles) character file.

37097 JamisonTSwartz the Basher (level 13, -4/116 HPs)
             Began as a Minotaur Fighter on Dec 6, 2017.
             Was a High Priest of the Shining One.
             Killed from afar by a frost giant (20 damage)
             ... with a bolt of cold
             ... on level 1 of the Depths on Dec 7, 2017.
             The game lasted 01:15:08 (16943 turns).

JamisonTSwartz the Basher (Minotaur Fighter)       Turns: 16943, Time: 01:15:08

Health: -4/116     AC: 22    Str: 26    XL:     13   Next: 56%
Magic:  13/13      EV: 19    Int:  5    God:    the Shining One [*****.]
Gold:   539        SH: 14    Dex: 15    Spells: 12/12 levels left

rFire    . . .     SeeInvis +   g - +5 mace (holy)
rCold    + . .     Gourm    .   c - +0 shield
rNeg     + + .     Faith    .   j - +4 scale mail {rPois}
rPois    +         Spirit   .   (helmet restricted)
rElec    .         Reflect  .   z - +1 cloak
rCorr    .         Harm     .   e - +2 pair of gloves
MR       .....                  k - +2 pair of boots {run}
Stlth    ..........             (no amulet)
Regen    0.3/turn               H - +3 ring of evasion
MPRegen  0.2/turn               F - ring of protection from cold

@: mighty, about to teleport, glowing, quick
A: retaliatory headbutt, claws 1, horns 2, see invisible
a: Divine Shield, Cleansing Flame, Summon Divine Warrior, Renounce Religion


You were on level 1 of the Depths.
You worshipped the Shining One.
The Shining One was extremely pleased with you.
You were completely stuffed.

You visited 3 branches of the dungeon, and saw 16 of its levels.
You also visited: Ice Cave.

You collected 746 gold pieces.
You spent 207 gold pieces at shops.

Inventory:

Hand Weapons
 g - a +5 mace of holy wrath (weapon)
 B - a +0 dire flail
 D - a +3 flail
Armour
 c - a +0 shield (worn)
 e - a +2 pair of gloves (worn)
 j - a +4 scale mail of poison resistance (worn)
 k - a +2 pair of boots of running (worn)
 z - a +1 cloak (worn)
Jewellery
 y - an uncursed ring of wizardry
 C - an uncursed ring of positive energy
 F - a ring of protection from cold (right hand)
 H - a +3 ring of evasion (left hand)
 I - the ring "Dealupni" {rElec rC- Dex+3 SInv}
   (You found it on level 15 of the Dungeon)

   [ring of dexterity]

   It affects your dexterity (+3).
   It makes you vulnerable to cold.
   It insulates you from electricity.
   It lets you see invisible.
Wands
 a - a wand of flame (33/48)
 b - a wand of disintegration (11/24)
 r - a wand of iceblast (11/15)
 G - a wand of polymorph (6/24)
 K - a wand of flame (20/48)
 L - a wand of iceblast (9/15)
Scrolls
 d - 5 scrolls of recharging
 l - a scroll of amnesia
 m - a scroll of fog
 o - 2 scrolls of teleportation
 p - a scroll of fear
 u - 3 scrolls of identify
 v - a scroll of immolation
 w - 4 scrolls of remove curse
Potions
 n - 7 potions of curing
 s - 2 potions of flight
 x - a potion of ambrosia
Books
 q - a book of Flames

   Spells                             Type                      Level
   a - Flame Tongue                   Conjuration/Fire             1
   b - Throw Flame                    Conjuration/Fire             2
   c - Conjure Flame                  Conjuration/Fire             3
   d - Inner Flame                    Hexes/Fire                   3
   e - Sticky Flame                   Conjuration/Fire             4
   f - Fireball                       Conjuration/Fire             5
 t - a book of Frost

   Spells                             Type                      Level
   a - Freeze                         Ice                          1
   b - Throw Frost                    Conjuration/Ice              2
   c - Ozocubu's Armour               Charms/Ice                   3
   d - Throw Icicle                   Conjuration/Ice              4
   e - Summon Ice Beast               Ice/Summoning                4
Comestibles
 f - 5 bread rations
 A - 2 meat rations


   Skills:
 * Level 11.5 Fighting
 * Level 14.7 Maces & Flails
 * Level 11.7 Armour
 * Level 9.5 Dodging
 + Level 1.3 Stealth
 * Level 14.2 Shields
 * Level 2.2 Invocations
 + Level 0.3 Evocations


You had 12 spell levels left.
You didn't know any spells.

Dungeon Overview and Level Annotations

Branches:
Dungeon (15/15)            Temple (1/1) D:5            Lair (0/6) D:8
    Orc (0/2) D:10         Depths (1/5) D:15
 Vaults: D:13-14

Altars:
Ashenzari
Dithmenos
Fedhas
Kikubaaqudgha
Makhleb
Nemelex Xobeh
Okawaru
Ru
Sif Muna
Trog
Uskayaw
Xom
Yredelemnul
Zin
The Shining One

Shops:
D:6 *

Portals:
Hell: Depths:1
Trove: D:15 (show abyssal rune of Zot)

Annotations:
Depths:1 antares's ghost, journeyman DrTm


Innate Abilities, Weirdness & Mutations

You reflexively headbutt those who attack you in melee.
You have a pair of horns on your head.
You have sharp fingernails.
You have supernaturally acute eyesight. (SInv)


Message History

You hit antares's ghost but do no damage.
Antares's ghost is heavily damaged.
You block antares's ghost's attack.
You hit antares's ghost.
Antares's ghost convulses.
You headbutt antares's ghost, but do no damage.
Antares's ghost is severely damaged.
You block antares's ghost's attack.
As you read the scroll of fear, it crumbles to dust.
You assume a fearsome visage.
The frost giant resists with almost no effort.
Antares's ghost is unaffected.
The frost giant points at you and mumbles some strange words.
The bolt of cold hits you! You resist.
* * * LOW HITPOINT WARNING * * *
Antares's ghost hits you but does no damage.
As you read the scroll of teleportation, it crumbles to dust.
You feel strangely unstable.
The frost giant points at you and mumbles some strange words.
The bolt of cold hits you! You resist.
You die...

##+#######
.........#
..../....+
.........#
........W#
......C.@#
.....∩..<#
.........#
.........#
####+#####


You could see a frost giant and antares's ghost.

Vanquished Creatures
  Kirke (D:15)
  The ghost of bande the Severer, an adept GrFi of Okawaru (D:14)
  A dire elephant (D:15)
  A vault guard (D:15)
  3 hydras
  4 two-headed ogres
  Erica (D:8)
  An unseen horror (D:15)
  2 orc knights (D:15)
  A wizard (D:14)
  2 cyclopes
  3 deep elf magi
  A manticore (D:15)
  6 ugly things (D:14)
  A wolf spider (D:15)
  2 centaur zombies
  2 gargoyles
  Joseph (D:7)
  Psyche (D:12)
  A komodo dragon (D:12)
  6 trolls
  A merfolk (D:15)
  3 meliai (D:15)
  A jumping spider (shapeshifter) (D:14)
  7 polar bears (IceCv)
  3 hornets
  4 hippogriffs
  A spriggan (D:10)
  2 vampires
  2 shadows
  A wyvern (D:9)
  13 yaks
  A wraith (D:15)
  5 humans (D:6)
  A basilisk (D:8)
  Menkaure (D:4)
  A vampire mosquito (D:11)
  2 water moccasins
  An acid dragon (D:15)
  2 porcupines (D:8)
  9 orc warriors
  3 sky beasts
  2 black bears (D:8)
  4 ice beasts
  9 ogres
  6 wolves
  A boggart (shapeshifter) (D:15)
  3 centaurs
  5 crocodiles
  A gnoll sergeant (D:9)
  5 big kobolds
  9 bullfrogs
  3 scorpions
  A wyvern skeleton (D:13)
  5 jellies
  16 killer bees
  4 wights (D:8)
  8 howler monkeys
  4 crimson imps
  5 hounds
  A quasit (D:11)
  6 centaur skeletons
  7 orc priests
  10 iguanas
  13 orc wizards
  5 worker ants
  2 hound zombies (D:11)
  A worker ant zombie (D:10)
  6 gnolls
  11 adders
  2 shadow imps (D:6)
  An ooze (D:5)
  2 adder skeletons
  A dart slug (D:4)
  4 leopard geckos
  43 orcs
  A giant cockroach (D:6)
  2 goblins (D:1)
  2 hobgoblins
  7 jackals
  6 quokkas
  3 bats
  3 frilled lizards
  A giant cockroach zombie (D:5)
  22 kobolds
  A quokka zombie (D:7)
  3 rats
  A fungus (D:8)
  2 plants
366 creatures vanquished.

Vanquished Creatures (others)
  3 humans (D:15)
  A hungry ghost (D:15)
4 creatures vanquished.

Grand Total: 370 creatures vanquished

Notes
Turn   | Place    | Note
-------+----------+-------------------------------------------
     0 | D:1      | JamisonTSwartz the Minotaur Fighter began the quest for the Orb.
     0 | D:1      | Reached XP level 1. HP: 19/19 MP: 0/0
   259 | D:1      | Reached XP level 2. HP: 27/27 MP: 1/1
   756 | D:2      | Identified a +2 pair of boots of running (You found it on level 2 of the Dungeon)
   796 | D:2      | Reached XP level 3. HP: 32/33 MP: 2/2
   998 | D:2      | You fall through a shaft for 2 floors!
  1015 | D:4      | Found a shadowy altar of Dithmenos.
  1035 | D:4      | Reached XP level 4. HP: 32/40 MP: 3/3
  1218 | D:4      | Noticed Menkaure
  1228 | D:4      | Killed Menkaure
  1228 | D:4      | Reached skill level 1 in Dodging
  1228 | D:4      | Reached skill level 5 in Shields
  1228 | D:4      | Reached XP level 5. HP: 38/47 MP: 4/4
  1229 | D:4      | Reached skill level 5 in Armour
  1344 | D:4      | Noticed an ogre
  1355 | D:4      | Killed an ogre
  1355 | D:4      | Reached skill level 5 in Fighting
  1355 | D:4      | Reached XP level 6. HP: 37/56 MP: 5/5
  1799 | D:5      | Entered Level 5 of the Dungeon
  1799 | D:5      | Found a staircase to the Ecumenical Temple.
  1820 | D:5      | Noticed a sky beast
  1834 | D:5      | Killed a sky beast
  1834 | D:5      | Reached skill level 5 in Maces & Flails
  1834 | D:5      | Reached XP level 7. HP: 61/61 MP: 6/6
  1859 | Temple   | Entered the Ecumenical Temple
  1953 | Temple   | Became a worshipper of the Shining One
  2787 | D:5      | Reached XP level 8. HP: 59/70 MP: 7/7
  2939 | D:5      | You fall through a shaft!
  3268 | D:6      | Found Maibalat's Assorted Antiques.
  3648 | D:6      | Reached XP level 9. HP: 78/78 MP: 8/8
  3881 | D:6      | Reached * piety under the Shining One
  3946 | D:6      | Found a shattered altar of Ashenzari.
  4164 | D:7      | Noticed Joseph
  4183 | D:7      | Killed Joseph
  4642 | D:6      | Bought a transparent morningstar for 207 gold pieces
  4642 | D:6      | Identified the cursed +2 morningstar "Lioco" {crush, +Inv Dex-2 SInv} (You bought it in a shop on level 6 of the Dungeon)
  5073 | D:7      | Found a bloodstained altar of Trog.
  5169 | D:7      | Reached skill level 5 in Dodging
  5559 | D:8      | Noticed Erica
  5604 | D:8      | Reached XP level 10. HP: 48/86 MP: 9/9
  5616 | D:8      | Killed Erica
  5622 | D:8      | Reached skill level 10 in Maces & Flails
  5881 | D:8      | Found a shimmering altar of Xom.
  5902 | D:8      | Noticed an angel
  5906 | D:8      | Found a glowing silver altar of Zin.
  5956 | D:8      | Found a basalt altar of Yredelemnul.
  6046 | D:8      | Found a staircase to the Lair.
  6601 | D:8      | Noticed a two-headed ogre
  6637 | D:8      | Killed a two-headed ogre
  7525 | D:9      | Noticed a two-headed ogre
  7537 | D:9      | Killed a two-headed ogre
  7843 | D:9      | Reached ** piety under the Shining One
  7875 | D:9      | Reached skill level 10 in Shields
  8104 | D:9      | Reached XP level 11. HP: 92/95 MP: 10/10
  8290 | D:9      | Found a sacrificial altar of Ru.
  8544 | D:9      | Found a glowing golden altar of the Shining One.
  8946 | D:10     | Entered Level 10 of the Dungeon
  9023 | D:10     | Found a staircase to the Orcish Mines.
  9308 | D:10     | Reached skill level 10 in Armour
 10195 | D:11     | Found a frozen archway.
 10211 | IceCv    | Entered an ice cave
 11020 | D:11     | Noticed a four-headed hydra
 11025 | D:11     | Reached *** piety under the Shining One
 11034 | D:11     | Killed a four-headed hydra
 11626 | D:11     | Noticed a two-headed ogre
 11626 | D:11     | Noticed a deep elf mage
 11639 | D:11     | Killed a deep elf mage
 11639 | D:11     | Reached XP level 12. HP: 89/106 MP: 7/11
 11645 | D:11     | Killed a two-headed ogre
 11911 | D:12     | Noticed a six-headed hydra
 11920 | D:12     | Killed a six-headed hydra
 12137 | D:12     | Reached skill level 10 in Fighting
 12262 | D:12     | Noticed Psyche
 12272 | D:12     | Killed Psyche
 12272 | D:12     | Reached skill level 1 in Stealth
 12683 | D:12     | Reached **** piety under the Shining One
 12756 | D:13     | Noticed a two-headed ogre
 12764 | D:13     | Killed a two-headed ogre
 14688 | D:14     | Noticed bande's ghost (adept GrFi)
 14706 | D:14     | Killed bande's ghost
 14712 | D:14     | Gained mutation: Your spells are a little harder to cast, but a little more powerful. [potion of mutation]
 14712 | D:14     | Lost mutation: Your spells are a little harder to cast, but a little more powerful. [potion of mutation]
 14712 | D:14     | Gained mutation: You have an increased reservoir of magic. (+10% MP) [potion of mutation]
 14712 | D:14     | Gained mutation: You are partially covered in iridescent scales. (AC +2) [potion of mutation]
 14715 | D:14     | Lost mutation: You have an increased reservoir of magic. (+10% MP) [potion of mutation]
 14715 | D:14     | Lost mutation: You are partially covered in iridescent scales. (AC +2) [potion of mutation]
 14715 | D:14     | Gained mutation: You have supernaturally acute eyesight. (SInv) [potion of mutation]
 14715 | D:14     | Gained mutation: You have sharp fingernails. [potion of mutation]
 14734 | D:14     | Reached XP level 13. HP: 116/116 MP: 12/12
 15141 | D:15     | Entered Level 15 of the Dungeon
 15379 | D:15     | Found a staircase to the Depths.
 15379 | D:15     | Noticed a dire elephant
 15465 | D:15     | Killed a dire elephant
 15752 | D:15     | Reached skill level 1 in Invocations
 16013 | D:15     | Found a portal to a secret trove of treasure.
 16096 | D:15     | Noticed Kirke
 16124 | D:15     | Killed Kirke
 16127 | D:15     | Reached ***** piety under the Shining One
 16359 | D:15     | Got a fine brass ring
 16361 | D:15     | Identified the ring "Dealupni" {rElec rC- Dex+3 SInv} (You found it on level 15 of the Dungeon)
 16917 | Depths:1 | Entered Level 1 of the Depths
 16917 | Depths:1 | Found a gateway to Hell.
 16917 | Depths:1 | Noticed antares's ghost (journeyman DrTm)
 16918 | Depths:1 | Noticed a frost giant
 16943 | Depths:1 | Killed from afar by a frost giant

Skill      XL: |  1  2  3  4  5  6  7  8  9 10 11 12 13 |
---------------+----------------------------------------+-----
Fighting       | 4 5 6 7 8 9 11 | 11.5
Armour         | 4 5 6 7 8 9 10 11 | 11.7
Shields        | 4 5 6 7 9 10 11 13 14 | 14.2
Maces & Flails | 3 4 5 6 7 9 11 12 14 | 14.7
Dodging        | 1 2 3 4 5 6 7 8 9 |  9.5
Stealth        | 1 |  1.3
Invocations    | 2 |  2.2
Evocations     | |  0.3

Action                   |  1- 3 |  4- 6 |  7- 9 | 10-12 | 13-15 || total
-------------------------+-------+-------+-------+-------+-------++-------
Melee: Flail             |    75 |     2 |       |       |       ||    77
       Headbutt          |    12 |    11 |    50 |   184 |    50 ||   307
       Mace              |       |    47 |   232 |   768 |   194 ||  1241
Invok: Divine Shield     |       |       |       |     2 |       ||     2
Evoke: Wand              |       |       |       |     4 |     4 ||     8
  Use: Scroll            |     3 |     8 |     8 |    12 |    12 ||    43
       Potion            |       |     2 |     6 |    10 |     7 ||    25
  Eat: Bread ration      |       |     2 |     1 |     3 |       ||     6
       Meat ration       |       |       |     1 |       |     1 ||     2
       Royal jelly       |       |       |       |     8 |       ||     8
       Fruit             |       |       |       |       |     6 ||     6
Armor: Scale mail        |    44 |    27 |   129 |   195 |    68 ||   463
Dodge: Dodged            |    37 |    18 |    91 |   396 |   143 ||   685
Block: Shield            |    24 |    21 |   134 |   509 |   147 ||   835
